 Dungeon Crawl Stone Soup version 0.19.5 (webtiles) character file.

27892 equalderp2856 the Ripper (level 13, -24/63 HPs)
             Began as a Felid Fighter on Mar 29, 2017.
             Killed from afar by a deep troll earth mage (31 damage)
             ... with a blast of rock fragments
             ... on level 1 of the Depths.
             The game lasted 02:42:00 (44393 turns).

equalderp2856 the Ripper (Felid Fighter)           Turns: 44393, Time: 02:42:00

Health: -24/63     AC:  3    Str: 13    XL:     13   Next: 6%
Magic:  20/20      EV: 32    Int: 12    God:
Gold:   2349       SH:  0    Dex: 21    Spells: 0 memorised, 12 levels left
                                        Lives:  0   Deaths: 4

rFire  . . .     SeeInvis +       - Unarmed
rCold  + . .     Gourm    .     (armour unavailable)
rNeg   . . .     Faith    .     (shield unavailable)
rPois  .         Spirit   .     (helmet unavailable)
rElec  .         Reflect  .     (cloak unavailable)
rCorr  .         Harm     .     (gloves unavailable)
MR     +....                    (boots unavailable)
Stlth  ++++++....               C - amulet of regeneration
                                v - ring of flight
                                u - +4 ring of dexterity

@: studying Air Magic, quick
A: no armour, no weapons or thrown items, stealth, claws 1, fangs 3, see
invisible, carnivore 3, speed 1, shaggy fur 3, slow metabolism 1, sharp paws
a: Evoke Flight


You were on level 1 of the Depths.
You were not hungry.

You visited 4 branches of the dungeon, and saw 23 of its levels.
You also visited: Sewer, Ice Cave and Volcano.

You collected 2349 gold pieces.

Inventory:

Missiles
 A - 390 arrows
Jewellery
 n - an uncursed amulet of the gourmand
 u - a +4 ring of dexterity (left paw)
 v - a ring of flight (right paw)
 x - an uncursed ring of stealth
 C - an amulet of regeneration (around neck)
 G - an uncursed amulet of magic regeneration
 V - the brooch of Shielding {Reflect SH+8}
   (You found it on level 2 of the Lair of Beasts)

   [amulet of reflection]

   It shields you and reflects attacks.
   It affects your SH (+8).
 W - an uncursed ring of fire
 Z - an uncursed ring of magical power
Wands
 f - a wand of hasting (5/9)
 O - a wand of polymorph (1/24)
 P - a wand of confusion (16/48)
 Q - a wand of flame (1/48)
 S - a wand of teleportation (6/9)
 X - a wand of lightning (0/15)
 Y - a wand of flame (16/48)
Scrolls
 c - 10 scrolls of identify
 d - 3 scrolls of enchant weapon
 g - 8 scrolls of remove curse
 h - 3 scrolls of immolation
 j - 2 scrolls of amnesia
 k - 2 scrolls of magic mapping
 o - 7 scrolls of noise
 J - 3 scrolls of fear
 K - a scroll of recharging
 U - a scroll of holy word
Potions
 a - 2 potions of might
 e - 2 potions of haste
 m - 2 potions of agility
 p - 3 potions of flight
 q - 5 potions of degeneration {unknown}
 r - 3 potions of brilliance
 w - 4 potions of cancellation
 D - 4 potions of cure mutation
 E - 2 potions of mutation {unknown}
 F - 2 potions of ambrosia
 M - a potion of invisibility {unknown}
 N - a potion of resistance
 T - a potion of berserk rage {unknown}
Books
 B - a manual of Air Magic
Miscellaneous
 L - a phial of floods
Comestibles
 b - 9 meat rations
 i - 2 slices of pizza
 s - 11 fruits
 t - 7 beef jerkies
 H - 3 royal jellies
 I - 5 bread rations


   Skills:
 + Level 11.0 Fighting
 + Level 14.3 Dodging
 + Level 13.3 Stealth
 + Level 17.9 Unarmed Combat
 + Level 8.5 Evocations


You had 12 spell levels left.
You didn't know any spells.

Dungeon Overview and Level Annotations

Branches:
Dungeon (15/15)            Temple (0/1) D:7            Lair (5/6) D:8
 Shoals (0/4) Lair:4       Spider (0/4) Lair:2        Slime (0/5) Lair:5
    Orc (2/2) D:12            Elf (0/3) Orc:2        Vaults (0/5) D:13
 Depths (1/5) D:15

Altars:
Dithmenos
Fedhas
Hepliaklqana
Makhleb
Nemelex Xobeh
Ru
Uskayaw
Vehumet
Xom
Yredelemnul
The Shining One
Beogh

Shops:
D:4 }[(   D:6 !   D:12 ![=*   D:15 [   Orc:2 !!*!

Annotations:
D:5 Blork the orc, Dowan, Duvessa, Prince Ribbit
D:8 3 exclusions
D:11 Sonja
D:12 Harold
D:14 exclusion: orange crystal statue
D:15 Agnes, Nessos
Lair:4 exclusion: 2 oklob plants
Orc:2 exclusions: door and 2 more exclusions, Saint Roka


Innate Abilities, Weirdness & Mutations

You cannot wear armour.
You are incapable of wielding weapons or throwing items.
Your paws allow you to move quietly. (Stealth)
You have sharp claws.
You have razor-sharp teeth.
You have supernaturally acute eyesight. (SInv)
You are carnivorous and can eat meat at any time.
You cover ground quickly.
Your thick and shaggy fur keeps you warm. (AC +3, rC+)
You have a slow metabolism.
Your sharp claws are effective at attacking unaware monsters.


Message History

The deep troll shaman shouts!
You close the door.
You hear a grinding noise.
You hear a shout!
You hear a shout!
You hear a grinding noise.
The wall shatters!
The blast of rock fragments hits you!
Ouch! That really hurt!
* * * LOW HITPOINT WARNING * * *
You hear a shout! x2; You hear two shouts!
You hear a grinding noise.
A deep troll opens the door.
Okay, then.
The deep troll earth mage points at the rock wall and mumbles some strange words.
Some rock shatters into small pieces.
The deep troll shaman calls upon its god to speed up the deep troll earth mage.
The deep troll earth mage seems to speed up.
You hear a grinding noise.
The deep troll earth mage casts a spell at the deep troll earth mage.
The wall shatters!
The blast of rock fragments hits you!
You die...

...###+# #.# #.# #.####.....
...'...#####.#### #.###....+.....
...###..........###.......##.....
...# #...###........#####.# ...Q
...# ###.# ###.####.# #.# ...
#V## #.#####..###.#####.### ..
#.#.# #..........#.#.......+ .
.V...###.####..#..#.#.###...#
##.......###....@.#.#. #.###
.O.##..#.##...≈≈≈.....# #.#
##..##.....#.≈≈8≈≈....# #.#
##'.###...)..######.#####'##
#......#.T.T#.## #.##.....#
'.####...TT....####..+.....#
#.#≈≈#....T###......##.....#
#)#≈≈#.........####.##.....#
#)####.'..###### ####.....+


You could see a deep troll, 2 deep troll earth magi and a deep troll shaman.

Vanquished Creatures
  Rupert (Orc:1)
  Gastronok (Lair:2)
  A stone giant (Orc:2)
  A dire elephant (D:15)
  Josephine (Orc:1)
  A jiangshi (Depths:1)
  Erolcha (D:12)
  2 ice dragons (IceCv)
  A rakshasa (Depths:1)
  3 hydras
  2 centaur warriors
  2 ogre magi
  2 orc high priests (Orc:2)
  A tengu warrior (D:12)
  A wizard (Depths:1)
  3 unseen horrors
  A phantasmal warrior (D:14)
  2 hill giants (D:14)
  A deep elf mage (D:13)
  3 orc sorcerers
  5 orc knights
  2 ugly things
  2 cyclopes
  8 elephants
  A black mamba (Lair:4)
  A gargoyle (Volcano)
  Psyche (D:11)
  3 spiny frogs
  2 ice statues (IceCv)
  An efreet (Volcano)
  3 rime drakes
  A yaktaur (D:15)
  4 komodo dragons
  A freezing wraith (D:14)
  3 trolls
  2 ice devils (D:14)
  2 meliai (D:15)
  A merfolk (D:15)
  6 polar bears (Lair:2)
  8 two-headed ogres
  6 slime creatures
  Grinder (D:8)
  6 blink frogs
  2 meliai zombies (D:14)
  9 hippogriffs
  Sigmund (D:4)
  A tarantella (shapeshifter) (Depths:1)
  7 wraiths
  26 yaks
  6 wyverns
  Grum (D:9)
  2 fire elementals (Volcano)
  A hog (D:15)
  A hungry ghost (D:12)
  5 basilisks
  2 soldier ants
  4 wargs
  A mottled dragon (D:12)
  2 hell hounds (Lair:2)
  A naga (D:8)
  14 water moccasins
  The ghost of equalderp2856 the Scratcher, an amateur FeFi (D:5)
  9 black bears
  21 ice beasts
  11 porcupines
  38 orc warriors
  3 sky beasts
  2 eyes of draining
  2 phantoms
  22 ogres
  2 necrophages
  12 wolves
  10 centaurs
  9 crocodiles
  7 big kobolds
  24 bullfrogs
  2 gnoll sergeants (D:9)
  A wyvern zombie (D:8)
  5 scorpions
  A wyvern skeleton (D:14)
  5 wights (D:14)
  5 killer bees (D:10)
  6 howler monkeys
  5 crimson imps
  3 quasits
  2 bullfrog zombies
  5 centaur zombies
  7 hounds
  6 jellies
  3 bullfrog skeletons
  A gnoll shaman (D:8)
  28 orc priests
  29 orc wizards
  5 centaur skeletons
  5 iguanas
  Terence (D:2)
  11 worker ants
  A hound skeleton (D:6)
  2 worker ant zombies (D:10)
  24 gnolls
  19 adders
  A river rat (D:8)
  5 shadow imps
  2 ufetubi (D:14)
  2 oozes (Sewer)
  An adder skeleton (D:5)
  7 worms
  3 dart slugs
  6 leopard geckos
  115 orcs
  4 ball pythons
  13 giant cockroaches
  6 hobgoblins
  18 jackals
  56 kobolds
  6 quokkas
  19 bats
  8 frilled lizards
  12 goblins
  19 rats
  A fungus (Lair:3)
  A plant (Lair:4)
847 creatures vanquished.

Vanquished Creatures (others)
  A hornet (D:9)
  A spriggan (D:9)
  A yak (Lair:5)
  An ogre (Depths:1)
  A bullfrog (D:9)
  A howler monkey (D:9)
  2 worker ants
  An orc (D:9)
  68 fungi
  33 plants
110 creatures vanquished.

Grand Total: 957 creatures vanquished

Notes
Turn   | Place    | Note
-------+----------+-------------------------------------------
     0 | D:1      | equalderp2856 the Felid Fighter began the quest for the Orb.
     0 | D:1      | Reached XP level 1. HP: 10/10 MP: 2/2
    85 | D:1      | Found a sparkling altar of Nemelex Xobeh.
   108 | D:1      | Reached XP level 2. HP: 11/14 MP: 3/3
   726 | D:1      | Reached skill level 1 in Stealth
   731 | D:1      | Reached XP level 3. HP: 11/17 MP: 4/4
  1564 | D:2      | Noticed Terence
  2969 | D:2      | Reached XP level 4. HP: 21/21 MP: 5/5
  3229 | D:2      | Reached skill level 5 in Unarmed Combat
  3234 | D:2      | Killed Terence
  3234 | D:2      | Reached skill level 5 in Dodging
  4039 | D:3      | Reached XP level 5. HP: 14/24 MP: 6/6
  4441 | D:3      | Found a glowing drain.
  4450 | Sewer    | Entered a sewer
  4723 | Sewer    | Gained mutation: You are covered in thick fur. (AC +2) [Felid growth]
  4723 | Sewer    | Reached XP level 6. HP: 18/28 MP: 7/7
  4916 | Sewer    | Reached skill level 6 in Unarmed Combat
  6021 | D:3      | Found a glowing golden altar of the Shining One.
  6411 | D:4      | Noticed Sigmund
  6420 | D:5      | Entered Level 5 of the Dungeon
  6433 | D:5      | Noticed Blork the orc
  6433 | D:5      | Noticed a sky beast
  6450 | D:5      | Noticed Grinder
  6451 | D:5      | Noticed Dowan
  6451 | D:5      | Found a hide-covered altar of Uskayaw.
  6454 | D:5      | Killed from afar by Dowan
  6455 | D:5      | Reached XP level 5. HP: -2/24 MP: 6/6
  6502 | D:5      | Noticed Duvessa
  6741 | D:4      | Killed a phantom
  6741 | D:4      | Reached XP level 6. HP: 22/28 MP: 7/7
  6996 | D:4      | Found a blossoming altar of Fedhas.
  7003 | D:4      | Found a basalt altar of Yredelemnul.
  7010 | D:4      | Found a sparkling altar of Nemelex Xobeh.
  7146 | D:4      | Found Zudyratu's Antique Weapon Shop.
  7180 | D:4      | Found Puuvvat's Armour Shop.
  7288 | D:4      | Noticed an orc warrior
  7650 | D:4      | Found Amuniwne's Gadget Boutique.
  8359 | D:4      | Reached skill level 7 in Unarmed Combat
  8626 | D:4      | Found a faded altar of an unknown god.
  8626 | D:4      | Found a radiant altar of Vehumet.
  8634 | D:4      | Found a faded altar of an unknown god.
  8637 | D:4      | Found a faded altar of an unknown god.
  8639 | D:4      | Found a faded altar of an unknown god.
  9431 | D:4      | Killed Sigmund
  9431 | D:4      | Reached XP level 7. HP: 26/31 MP: 8/8
  9643 | D:5      | Noticed equalderp2856's ghost (amateur FeFi)
  9933 | D:5      | HP: 1/31 [orc priest/divine providence (12)]
  9942 | D:5      | Reached skill level 8 in Unarmed Combat
  9953 | D:5      | Noticed Prince Ribbit
  9962 | D:5      | Killed from afar by an orc priest
  9963 | D:5      | Reached XP level 6. HP: -1/28 MP: 7/7
  9982 | D:5      | Reached skill level 5 in Stealth
 10630 | D:5      | Reached XP level 7. HP: 16/31 MP: 8/8
 12783 | D:4      | Noticed a centaur warrior
 12931 | D:5      | Killed equalderp2856's ghost
 12931 | D:5      | Reached skill level 9 in Unarmed Combat
 12939 | D:5      | Reached XP level 8. HP: 15/36 MP: 9/9
 13511 | D:6      | Found Jimit's Distillery.
 14410 | D:6      | Reached skill level 10 in Unarmed Combat
 15530 | D:7      | Reached XP level 9. HP: 39/39 MP: 10/10
 15821 | D:7      | Found a staircase to the Ecumenical Temple.
 16385 | D:8      | Killed Grinder
 16541 | D:8      | Found a sacrificial altar of Ru.
 16935 | D:8      | Reached skill level 11 in Unarmed Combat
 18442 | D:8      | Found a staircase to the Lair.
 18731 | D:8      | Reached XP level 10. HP: 26/43 MP: 11/11
 19606 | D:9      | Reached skill level 12 in Unarmed Combat
 19871 | D:9      | Found a shimmering altar of Xom.
 19927 | D:9      | Found a shadowy altar of Dithmenos.
 20143 | D:9      | Reached skill level 10 in Dodging
 20249 | D:9      | HP: 2/43 [wyvern (10)]
 20464 | D:9      | Found a hazy altar of Hepliaklqana.
 20513 | D:9      | Noticed Grum
 20645 | D:9      | Killed Grum
 20852 | D:10     | Entered Level 10 of the Dungeon
 20940 | D:10     | Reached skill level 13 in Unarmed Combat
 21929 | D:10     | Reached XP level 11. HP: 46/46 MP: 12/12
 22069 | D:11     | Noticed Sonja
 22628 | D:11     | Noticed Psyche
 22639 | D:11     | Killed Psyche
 23132 | D:11     | Noticed a white ugly thing
 23675 | D:12     | Found Xanaagey's Assorted Antiques.
 23880 | D:12     | Found a staircase to the Orcish Mines.
 23950 | D:12     | Reached skill level 10 in Stealth
 23972 | D:12     | Reached skill level 14 in Unarmed Combat
 23977 | D:12     | Found Vaidd's Distillery.
 24165 | D:12     | Noticed a tengu warrior
 24539 | D:12     | Noticed an ogre mage
 24631 | D:12     | Noticed Harold
 24714 | D:12     | Noticed Erolcha
 24759 | D:13     | Noticed a deep elf mage
 24760 | D:13     | Noticed an enchanted long sword
 24762 | D:13     | Noticed an enchanted long sword
 24857 | D:12     | Noticed a centaur warrior
 24918 | D:12     | Killed a centaur warrior
 25077 | D:9      | Noticed a centaur warrior
 25086 | D:9      | Killed a centaur warrior
 25309 | Lair:1   | Entered Level 1 of the Lair of Beasts
 26118 | Lair:1   | Reached skill level 5 in Fighting
 26118 | Lair:1   | Reached skill level 15 in Unarmed Combat
 26763 | Lair:2   | Gained mutation: Your thick and shaggy fur keeps you warm. (AC +3, rC+) [Felid growth]
 26763 | Lair:2   | Reached XP level 12. HP: 24/51 MP: 13/13
 26965 | Lair:2   | Noticed Gastronok
 27231 | Lair:2   | Found a dark tunnel.
 27252 | Volcano  | Entered a volcano
 28595 | Lair:2   | Found a hole to the Spider Nest.
 28891 | Lair:2   | Killed Gastronok
 29219 | Lair:3   | Noticed a seven-headed hydra
 29251 | Lair:3   | Killed a seven-headed hydra
 29648 | Lair:3   | Reached skill level 10 in Fighting
 29952 | Lair:4   | Found a staircase to the Shoals.
 30281 | Lair:4   | Noticed an entropy weaver
 30508 | Lair:4   | Reached skill level 1 in Evocations
 30518 | Lair:4   | Reached XP level 13. HP: 59/62 MP: 15/15
 30951 | Lair:5   | Reached skill level 5 in Evocations
 31303 | Lair:5   | Found a staircase to the Slime Pits.
 31523 | Lair:5   | Noticed a dire elephant
 32678 | D:12     | Found Naurekypp's Jewellery Emporium.
 32678 | D:12     | Found Diaprij's Antique Armour Shop.
 33148 | Orc:1    | Entered Level 1 of the Orcish Mines
 33440 | D:12     | Killed Erolcha
 33594 | Orc:1    | Found a burning altar of Makhleb.
 34067 | Orc:2    | Entered Level 2 of the Orcish Mines
 34067 | Orc:2    | Noticed Rupert
 34672 | Orc:2    | Noticed Josephine
 35107 | Orc:2    | Reached skill level 16 in Unarmed Combat
 35317 | Orc:2    | Noticed Saint Roka
 35400 | Orc:2    | Noticed a stone giant
 35598 | Orc:1    | Killed Josephine
 35876 | Orc:1    | HP: 3/62 [poisoned by Rupert]
 35881 | Orc:1    | HP: 1/62 [poisoned by Rupert]
 35887 | Orc:1    | HP: 1/62 [poisoned by Rupert]
 35894 | Orc:1    | HP: 2/62 [poisoned by Rupert]
 36063 | Orc:1    | Killed Rupert
 36063 | Orc:1    | Reached XP level 14. HP: 66/66 MP: 21/21
 36200 | Orc:2    | Killed a stone giant
 36241 | Orc:2    | Found Zouz's Distillery.
 36247 | Orc:2    | Found Wuqycut's Distillery.
 36264 | Orc:2    | Found a roughly hewn altar of Beogh.
 36605 | Orc:2    | Found Fuwuli's General Store.
 36911 | Orc:2    | Found Qaluz's Distillery.
 37991 | Orc:2    | Found a staircase to the Elven Halls.
 38756 | D:13     | Found a gate to the Vaults.
 39442 | D:13     | Reached skill level 17 in Unarmed Combat
 39829 | D:14     | Found a frozen archway.
 39913 | IceCv    | Entered an ice cave
 40606 | IceCv    | Identified a scroll of acquirement
 41900 | D:15     | Entered Level 15 of the Dungeon
 42003 | D:15     | Noticed Agnes
 42024 | D:15     | Noticed Nessos
 42679 | D:15     | HP: 3/66 [meliai/divine providence (13)]
 43203 | D:15     | Found Goc Ut Timm's Armour Emporium.
 43530 | D:14     | Killed from afar by a meliai
 43531 | D:14     | Reached XP level 13. HP: -7/63 MP: 20/20
 43734 | D:15     | Found a staircase to the Depths.
 43742 | Depths:1 | Entered Level 1 of the Depths
 43761 | Depths:1 | Noticed a fire giant
 43761 | Depths:1 | Noticed a sphinx
 43853 | Depths:1 | Noticed a tengu reaver
 43925 | Depths:1 | Noticed a jiangshi
 43934 | Depths:1 | Noticed a jiangshi
 43935 | Depths:1 | Noticed a jiangshi
 43937 | Depths:1 | Killed a jiangshi
 43944 | Depths:1 | Noticed a stone giant
 44056 | Depths:1 | Noticed a stone giant
 44197 | Depths:1 | Reached XP level 14. HP: 63/66 MP: 21/21
 44217 | Depths:1 | Noticed a brown very ugly thing
 44221 | Depths:1 | Killed from afar by a deep troll earth mage
 44222 | Depths:1 | Reached XP level 13. HP: -14/63 MP: 20/20
 44309 | Depths:1 | Noticed a stone giant
 44393 | Depths:1 | Killed from afar by a deep troll earth mage

Skill      XL: |  1  2  3  4  5  6  7  8  9 10 11 12 13 14 |
---------------+-------------------------------------------+-----
Stealth        | 1 3 5 6 7 8 9 10 11 12 13 | 13.3
Unarmed Combat | 5 7 9 10 11 13 15 16 17 | 17.9
Dodging        | 5 6 7 8 9 11 12 13 14 | 14.3
Fighting       | 4 5 10 11 | 11.0
Evocations     | 2 8 |  8.5

Action                   |  1- 3 |  4- 6 |  7- 9 | 10-12 | 13-15 || total
-------------------------+-------+-------+-------+-------+-------++-------
Melee: Unarmed           |   151 |   347 |   486 |   939 |  1113 ||  3036
       Bite              |    16 |    26 |    42 |   118 |   142 ||   344
       Punch             |     3 |     1 |    17 |    86 |   113 ||   220
Evoke: Wand              |       |       |     3 |     4 |    31 ||    38
  Use: Scroll            |     1 |     6 |    10 |     3 |    18 ||    38
       Potion            |       |     1 |     9 |     7 |    10 ||    27
 Stab: Sleeping          |     8 |     8 |    12 |    26 |    36 ||    90
       Distracted        |       |       |       |     7 |     4 ||    11
       Paralysed         |       |       |       |     1 |     2 ||     3
       Held in net/web   |       |       |       |     1 |       ||     1
       Confused          |       |       |       |       |     4 ||     4
  Eat: Chunk             |     2 |    11 |    21 |    23 |    21 ||    78
       Pizza             |       |     1 |       |       |       ||     1
       Royal jelly       |       |       |       |       |     1 ||     1
Armor: Skin              |     6 |    16 |    14 |    21 |    30 ||    87
Dodge: Dodged            |   125 |   320 |   438 |   886 |  1011 ||  2780
Block: Other             |       |       |       |       |     2 ||     2
       Reflection        |       |       |       |       |     2 ||     2
